 Dungeon Crawl Stone Soup version 0.29-a0-359-g541a27f54d (webtiles) character file.

Game seed: 7258422738700620750

3 Bruhh the Ogre Mage (level 1, -2/16 HPs)
             Began as an Ogre Air Elementalist on Apr 27, 2022.
             Succumbed to a kobold's poison
             ... on level 1 of the Dungeon.
             The game lasted 00:00:34 (111 turns).

Bruhh the Ogre Mage (Ogre Air Elementalist)          Turns: 111, Time: 00:00:35

Health: -2/16      AC:  3    Str: 11    XL:     1   Next: 50%
Magic:  1/4        EV:  9    Int: 16    God:
Gold:   30         SH:  0    Dex:  9    Spells: 4/5 levels left

rFire   . . .      SeeInvis .   (no weapon)
rCold   . . .      Faith    .   (no shield)
rNeg    . . .      Spirit   .   a - +0 robe
rPois   .          Reflect  .   (helmet restricted)
rElec   .          Harm     .   (no cloak)
rCorr   .          Rampage  .   (gloves unavailable)
Will    .....                   (boots unavailable)
Stlth   +.........              (no amulet)
HPRegen 0.05/turn               (no ring)
MPRegen 0.09/turn               (no ring)

@: lethally poisoned (-2 -> -23)
A: large, unfitting armour, tough skin 1
a: no special abilities


You were on level 1 of the Dungeon.
You visited 1 branch of the dungeon, and saw 1 of its levels.

You collected 30 gold pieces.

Inventory:

Armour
 a - a +0 robe (worn)
Scrolls
 c - a scroll of enchant weapon {unknown}
 d - a scroll of teleportation {unknown}
 e - a scroll of brand weapon {unknown}
Potions
 b - a potion of magic


   Skills:
 - Level 1.7 Dodging
 - Level 1.4 Stealth
 + Level 2.8 Spellcasting
 - Level 0.8 Conjurations
 - Level 2.6 Air Magic


You had 4 spell levels left.
You knew the following spells:

 Your Spells              Type           Power      Damage    Failure   Level
a - Shock                 Conj/Air       28%        1d4       10%         1

Your spell library contained the following spells:

 Spells                   Type           Power      Damage    Failure   Level
 Static Discharge         Conj/Air       7%         N/A       14%         2
 Swiftness                Air            10%        N/A       19%         3
 Airstrike                Air            5%         N/A       54%         4


Dungeon Overview and Level Annotations

Branches:
Dungeon (1/15)

Altars:


Innate Abilities, Weirdness & Mutations

You are too large for most types of armour.
You have tough skin. (AC +1)


Message History

You hear a shout!
You hear an angry hiss.
There are monsters nearby!
There are monsters nearby!
There are monsters nearby!
The zap hits the endoplasm.
The endoplasm is moderately wounded.
The zap hits the bat.
The bat is moderately wounded.
The endoplasm closely misses you.
You miscast Shock.
You are very lightly contaminated with residual magic.
Nothing appears to happen.
The endoplasm hits you but does no damage.
A kobold comes into view. It is wielding a +1 whip of venom.
The zap hits the endoplasm.
The endoplasm is heavily wounded.
The zap misses the bat.
The endoplasm freezes you.
You are frozen.
The zap hits the endoplasm.
You kill the endoplasm!
The zap hits the bat.
You kill the bat!
The kobold throws a stone.
The stone hits you.
You are too depleted to draw on your mana recklessly!
You are too depleted to draw on your mana recklessly!
The kobold throws a stone.
The stone hits you.
Your magical contamination has completely faded away.
The kobold throws a stone.
The stone hits you but does no damage.
The kobold hits you with a +1 whip of venom.
You are lethally poisoned!
You hit the kobold.
The kobold is moderately wounded.
You feel sick.
The kobold hits you with a +1 whip of venom.
* * * LOW HITPOINT WARNING * * *
You are more poisoned.
You hit the kobold but do no damage.
The kobold is moderately wounded.
You die...

#.....#. ......
....# .†. .. #+#'#
....####.#.#
.........#.#####
#...K....#
#.##@###.# #.#...#
#.#...# #.###.#
#.....#
....###.....#
#######.#.#.......#
........#.#.##....#
..##....#.#.#.....#


You could see a kobold.

Vanquished Creatures
  2 endoplasms (D:1)
  A bat (D:1)
3 creatures vanquished.

Notes
Turn   | Place    | Note
-------+----------+-------------------------------------------
     0 | D:1      | Bruhh the Ogre Air Elementalist began the quest for the
                  | Orb.
     0 | D:1      | Reached XP level 1. HP: 16/16 MP: 3/3
   111 | D:1      | Succumbed to a kobold's poison

Illustrated notes

Levels and vault maps discovered:
D:1:      erik_arrival_blinker_ship, layout_basic, minmay_cut_off

Action                   || total
-------------------------++-------
Melee: Unarmed           ||     2
 Cast: Shock             ||     6
Armor: Robe              ||     2
Dodge: Dodged            ||     2

Table legend: (Time is in decaauts)
 A = Elapsed time spent in this place.
 B = Non-inter-level travel time spent in this place.
 C = Inter-level travel time spent in this place.
 D = Time resting spent in this place.
 E = Time spent auto-exploring this place.
 F = Levels seen in this place.
 G = Mean time per level.
                   A        B        C        D        E       F      G
               +--------+--------+--------+--------+--------+-----+--------+
         Total |    111 |    111 |      0 |      0 |     90 |   1 |  111.0 |
       Dungeon |    111 |    111 |      0 |      0 |     90 |   1 |  111.0 |
               +--------+--------+--------+--------+--------+-----+--------+

Top non-repeatable levels by time:
     D:1: 111 daAuts
